 Dungeon Crawl Stone Soup version 0.17.0-25-gefc9c12 (webtiles) character file.

473 Zwisch the Magician (level 6, -15/32 HPs)
             Began as a Deep Elf Air Elementalist on Nov 18, 2015.
             Demolished by an ogre
             ... wielding a +0 giant club
              (26 damage)
             ... on level 4 of the Dungeon.
             The game lasted 00:30:28 (2548 turns).

Zwisch the Magician (Deep Elf Air Elementalist)     Turns: 2548, Time: 00:30:28

Health: -15/32     AC:  5    Str:  5    XL:     6   Next: 84%
Magic:  12/16      EV:  8    Int: 24    God:
Gold:   200        SH:  0    Dex: 16    Spells: 3 memorised, 9 levels left

rFire  . . .     SeeInvis .     j - +2 short sword (venom)
rCold  + . .     Clarity  .     a - +0 robe
rNeg   . . .     SustAt   .     (no shield)
rPois  .         Gourm    .     (no helmet)
rElec  .         Spirit   .     v - +0 cloak
rCorr  .         Warding  .     m - +1 pair of gloves
rMut   .         Stasis   .     (no boots)
MR     .....                    (no amulet)
Stlth  ++........               w - ring of protection from cold
                                h - +3 ring of intelligence

@: repel missiles, not resistant to hostile enchantments, unstealthy
A: no striking features
a: no special abilities


You were on level 4 of the Dungeon.
You were not hungry.

You visited 1 branch of the dungeon, and saw 4 of its levels.

You collected 200 gold pieces.

Inventory:

Hand Weapons
 j - a +2 short sword of venom (weapon)
 u - a +2 quarterstaff of chaos
Armour
 a - a +0 robe (worn)
 m - a +1 pair of gloves (worn)
 v - a +0 cloak (worn)
 z - a +0 robe
Jewellery
 h - a +3 ring of intelligence (left hand)
 w - a ring of protection from cold (right hand)
Wands
 i - a wand of confusion (29)
Scrolls
 d - 2 scrolls of fear {unknown}
 e - 3 scrolls of enchant weapon {unknown}
 g - 6 scrolls of identify {unknown}
 k - 6 scrolls of remove curse
 l - 2 scrolls of teleportation {unknown}
 r - 2 scrolls of random uselessness {unknown}
 y - a scroll of magic mapping {unknown}
 B - a scroll of recharging {unknown}
Potions
 f - 2 potions of might {unknown}
 n - a potion of invisibility {unknown}
 o - 2 potions of heal wounds {unknown}
 p - a potion of poison {unknown}
 q - a potion of magic {unknown}
 t - a potion of lignification {unknown}
 x - a potion of brilliance {unknown}
 A - a potion of berserk rage {unknown}
Books
 b - a book of Air

   Spells                             Type                      Level
   a - Shock                          Conjuration/Air              1
   b - Swiftness                      Charms/Air                   2
   c - Repel Missiles                 Charms/Air                   2
   d - Static Discharge               Conjuration/Air              3
   e - Lightning Bolt                 Conjuration/Air              5
Comestibles
 c - 6 bread rations
 s - a meat ration


   Skills:
 + Level 0.2 Fighting
 + Level 3.2 Dodging
 + Level 3.3 Stealth
 + Level 5.4 Spellcasting
 + Level 4.1 Conjurations
 + Level 5.1 Air Magic


You had 9 spell levels left.
You knew the following spells:

 Your Spells              Type           Power        Failure   Level  Hunger
a - Shock                 Conj/Air       ####         1%          1    None
b - Static Discharge      Conj/Air       ####....     3%          3    ##.....
c - Repel Missiles        Chrm/Air       ###...       6%          2    None


Dungeon Overview and Level Annotations

Branches:
Dungeon (4/15)
 Temple: D:4-7

Altars:
Okawaru


Message History

Casting: Shock
Confirm with . or Enter, or press ? or * to list all spells.
The ogre is struck by lightning.
The ogre is moderately wounded.
The lightning grounds out.
The ogre misses you.
Casting: Static Discharge
Confirm with . or Enter, or press ? or * to list all spells.
The ogre is struck by lightning.
The ogre is heavily wounded.
The lightning arcs!
You are struck by lightning.
The lightning arcs!
The ogre is struck by lightning.
The ogre is heavily wounded.
The lightning arcs!
You are struck by lightning.
The lightning grounds out.
The ogre hits you with a giant club!!
Ouch! That really hurt!
* * * LOW HITPOINT WARNING * * *
There is a stone staircase leading up here.
The ogre hits you with a giant club!!
Ouch! That really hurt!
You die...

# ###.#### ........
###### .###### #....#
.##.#....... #O##.#
....#.........##@##.#
###.#.........#####.#
....#.........# #.#
............^.# #.#
..............# #.#
..............#####.#
#..............#....#
#####..........#.####
#...........#.#


You could see an ogre.

Vanquished Creatures
  A crimson imp (D:2)
  3 hounds (D:4)
  Crazy Yiuf (D:3)
  An orc priest (D:4)
  2 orc wizards (D:4)
  Robin (D:4)
  3 adders
  7 gnolls
  An ooze (D:2)
  2 worms
  A giant gecko (D:2)
  8 orcs
  10 bats
  7 giant cockroaches
  15 hobgoblins
  4 jackals (D:2)
  10 kobolds
  5 quokkas
  4 ball pythons
  A giant gecko skeleton (D:4)
  6 giant newts
  16 goblins
  6 rats
115 creatures vanquished.

Notes
Turn   | Place    | Note
--------------------------------------------------------------
     0 | D:1      | Zwisch the Deep Elf Air Elementalist began the quest for the Orb.
     0 | D:1      | Reached XP level 1. HP: 10/10 MP: 6/6
    89 | D:1      | Reached XP level 2. HP: 15/15 MP: 1/8
   396 | D:1      | Reached XP level 3. HP: 19/19 MP: 1/10
   507 | D:1      | Learned a level 3 spell: Static Discharge
   973 | D:2      | Reached skill level 4 in Spellcasting
   973 | D:2      | Reached XP level 4. HP: 24/24 MP: 3/12
  1528 | D:2      | Reached XP level 5. HP: 19/28 MP: 0/13
  1661 | D:3      | Found an iron altar of Okawaru.
  1907 | D:3      | Noticed Crazy Yiuf
  1915 | D:3      | Killed Crazy Yiuf
  2128 | D:4      | Noticed Robin
  2138 | D:4      | Reached XP level 6. HP: 29/32 MP: 3/15
  2141 | D:4      | Killed Robin
  2259 | D:4      | Reached skill level 5 in Spellcasting
  2267 | D:4      | Reached skill level 5 in Air Magic
  2418 | D:4      | Learned a level 2 spell: Repel Missiles
  2522 | D:4      | Noticed an ogre
  2548 | D:4      | Demolished by an ogre

Action                   |  1- 3 |  4- 6 || total
-------------------------+-------+-------++-------
Melee: Unarmed           |    19 |       ||    19
       Short sword       |     3 |    18 ||    21
 Cast: Shock             |    78 |   108 ||   186
       Static Discharge  |       |     9 ||     9
       Repel Missiles    |       |     1 ||     1
  Use: Scroll            |       |     1 ||     1
  Eat: Chunk             |       |     3 ||     3
       Meat ration       |       |     1 ||     1
